 Dungeon Crawl Stone Soup version 0.31-a0-214-gb37851dbb3 (webtiles) character file.

Game seed: 4313048753317152446

18 innerfire43 the Trooper (level 2, -4/24 HPs)
             Began as a Demonspawn Monk on July 1, 2023.
             Killed by nerve-wracking pain
             ... invoked by Jessica
              (14 damage)
             ... on level 2 of the Dungeon.
             The game lasted 00:01:06 (950 turns).

innerfire43 the Trooper (Demonspawn Monk)            Turns: 950, Time: 00:01:07

Health: -4/24      AC:  2    Str: 11    XL:     2   Next: 51%
Magic:  2/2        EV: 13    Int: 11    God:
Gold:   71         SH:  0    Dex: 15    Spells: 1/1 levels left

rFire   . . .        a - +0 short sword
rCold   . . .        d - orb {light}
rNeg    . . .        b - +0 robe
rPois   .            (no helmet)
rElec   .            (no cloak)
rCorr   .            (no gloves)
SInv    .            (no boots)
Will    .....        (no amulet)
Stlth   +            (no ring)
HPRegen 0.24/turn    (no ring)
MPRegen 0.08/turn

%: no passive effects
@: glowing
A: demonic guardian 1
a: no special abilities


You were on level 2 of the Dungeon.
You visited 1 branch of the dungeon, and saw 2 of its levels.

You collected 71 gold pieces.

Inventory:

Hand Weapons
 a - a +0 short sword (weapon)
Armour
 b - a +0 robe (worn)
 d - an orb of light (worn)
Jewellery
 g - a ring of protection from cold
Scrolls
 h - 2 scrolls of identify {unknown}
Potions
 c - a potion of ambrosia
 e - 3 potions of curing {unknown}
 f - a potion of cancellation {unknown}
 i - a potion of mutation {unknown}


   Skills:
 + Level 3.3 Fighting
 + Level 3.0 Short Blades
 + Level 3.0 Dodging


You had one spell level left.
You didn't know any spells.
Your spell library contained the following spells:

 Spells                   Type           Power      Damage    Failure   Level
 Magic Dart               Conj           0%         1d3       34%         1
 Slow                     Hex            0%         N/A       34%         1
 Call Imp                 Summ           0%         N/A       47%         2
 Confusing Touch          Hex            0%         N/A       71%         3
 Mephitic Cloud           Conj/Pois/Air  0%         N/A       71%         3
 Vampiric Draining        Necr           0%         2d6       71%         3


Dungeon Overview and Level Annotations

Branches:
Dungeon (2/15)

Altars:
Wu Jian

Annotations:
D:2 Jessica


Innate Abilities, Weirdness & Mutations

A weak demonic guardian rushes to your aid.


Message History

An endoplasm comes into view.
The endoplasm quivers.
An endoplasm is nearby!
The endoplasm closely misses you.
You hit the endoplasm.
The endoplasm is almost dead.
The endoplasm barely misses you.
You hit the endoplasm.
You kill the endoplasm!
No target in view!
e - 3 smoky sapphire potions (gained 2)
You open the door.
A quokka and Jessica come into view.
Jessica is wielding a +0 club and wearing a +2 robe of willpower.
Found four items.
There are monsters nearby!
Jessica mumbles some strange words.
Jessica blinks!
There is an open door here.
Jessica misses you.
You completely miss Jessica. Jessica hits you with a +0 club.
You hit Jessica but do no damage. The quokka barely misses you.
Jessica hits you with a +0 club.
You hit Jessica but do no damage. The quokka closely misses you.
You barely miss Jessica. Jessica casts a spell at you.
Pain shoots through your body! The quokka barely misses you.
You are too injured to fight recklessly!
You are too injured to fight recklessly!
You are too injured to fight recklessly!
You hit the quokka but do no damage. Jessica closely misses you.
The quokka barely misses you.
You hit the quokka.
The quokka is severely wounded.
The quokka bites you.
Jessica grins evilly.
Jessica casts a spell at you. Pain shoots through your body!
Ouch! That really hurt!
You die...

#.#.##.#.#
########.#.##.#.#
###........#....#.#
#........########.#
##.#...............#
#....#####..#.######
#...##..?##...#
#...#.....#...#
#...#!....r@..#
#...#.....#.@.#
#...##?.!##...#
#....#####....#
####.........##
##.....#### #######


You could see Jessica and a quokka.

Vanquished Creatures
  A bat (D:2)
  4 endoplasms
  A giant cockroach (D:2)
  2 goblins (D:2)
  2 hobgoblins (D:1)
  A kobold (D:2)
  2 ball pythons (D:1)
  2 rats
15 creatures vanquished.

Notes
Turn   | Place    | Note
-------+----------+-------------------------------------------
     0 | D:1      | innerfire43 the Demonspawn Monk began the quest for the
                  | Orb.
     0 | D:1      | Reached XP level 1. HP: 18/18 MP: 1/1
   399 | D:1      | You fall into a shaft and drop 1 floor!
   419 | D:2      | Found an ornate altar of the Wu Jian Council.
   439 | D:1      | Gained mutation: A weak demonic guardian rushes to your
                  | aid. [demonic ancestry]
   439 | D:1      | Reached XP level 2. HP: 14/24 MP: 2/2
   942 | D:2      | Noticed Jessica
   950 | D:2      | Killed from afar by Jessica

Illustrated notes

Levels and vault maps discovered:
D:1:      dpeg_arrival_lava_altar, layout_basic
D:2:      layout_basic, basic_altar, minivault_26, kennysheep_jessica_study

Skill      XL: |  1  2 |
---------------+-------+-----
Dodging        | 3 |  3.0
Short Blades   | 3 |  3.0
Fighting       | |  3.3

Action                     || total
---------------------------++-------
  Melee: Short sword       ||    68
    Use: Scroll            ||     2
 Armour: Robe              ||     9
  Dodge: Dodged            ||    32

Table legend: (Time is in decaauts)
 A = Elapsed time spent in this place.
 B = Non-inter-level travel time spent in this place.
 C = Inter-level travel time spent in this place.
 D = Time resting spent in this place.
 E = Time spent auto-exploring this place.
 F = Levels seen in this place.
 G = Mean time per level.
                   A        B        C        D        E       F      G
               +--------+--------+--------+--------+--------+-----+--------+
         Total |    940 |    906 |     34 |      0 |    753 |   2 |  470.0 |
       Dungeon |    940 |    906 |     34 |      0 |    753 |   2 |  470.0 |
               +--------+--------+--------+--------+--------+-----+--------+

Top non-repeatable levels by time:
     D:1: 616 daAuts
     D:2: 324 daAuts
